 Dungeon Crawl Stone Soup version 0.27-a0-1202-ge72e49191c (webtiles) character file.

Game seed: 12190155589654312356

146586 Delamore the Warrior (level 18, -7/151 HPs)
             Began as a Formicid Fighter on June 2, 2021.
             Was the Champion of Okawaru.
             Mangled by an eleionoma (12 damage)
             ... on level 4 of the Swamp.
             The game lasted 00:39:40 (25640 turns).

Delamore the Warrior (Formicid Fighter)            Turns: 25640, Time: 00:39:40

Health: -7/151     AC: 24    Str: 30    XL:     18   Next: 7%
Magic:  21/25      EV: 18    Int: 19    God:    Okawaru [******]
Gold:   914        SH: 24    Dex: 10    Spells: 17/17 levels left

rFire    + + .     SeeInvis +   a - +9 trident (spect)
rCold    + . .     Faith    .   o - +3 tower shield {rF+}
rNeg     . . .     Spirit   .   m - +0 plate armour {rF+}
rPois    +         Reflect  .   (helmet unavailable)
rElec    .         Harm     .   D - +2 cloak {rCorr}
rCorr    +         Rampage  .   I - +0 pair of gloves {Str+3}
Will     ++...                  c - +1 pair of boots {Stlth+}
Stlth    ..........             r - amulet of regeneration
HPRegen  1.35/turn              p - ring "Yxunue" {rPois EV+4 Int+6 Slay+2}
MPRegen  0.19/turn              s - ring "Kympaol" {rC+ Will+ EV+4 Int+3}

@: finesse-ful, studying Armour, very slow
A: permanent stasis, dig shafts and tunnels, antennae 3, four strong arms
a: Dig, Shaft Self, Renounce Religion, Heroism, Finesse


You were on level 4 of the Swamp.
You worshipped Okawaru.
Okawaru was exalted by your worship.
You visited 5 branches of the dungeon, and saw 28 of its levels.

You collected 2624 gold pieces.
You spent 1710 gold pieces at shops.

Inventory:

Hand Weapons
 a - a +9 spectral trident (weapon)
 P - a +3 antimagic bardiche
Missiles
 x - 6 throwing nets
 z - 13 curare-tipped darts
 A - 10 silver boomerangs (quivered)
 C - 9 javelins
 M - 17 silver javelins
 N - 9 boomerangs of dispersal
 R - 29 boomerangs
Armour
 c - a +1 pair of boots of stealth (worn)
 m - a +0 plate armour of fire resistance (worn)
 o - a +3 tower shield of fire resistance (worn)
 D - a +2 cloak of preservation (worn)
 I - a +0 pair of gloves of strength (worn)
Jewellery
 b - an amulet of magic regeneration
 i - a ring of willpower
 p - the ring "Yxunue" (left hand) {rPois EV+4 Int+6 Slay+2}
   (You found it on level 1 of the Swamp)

   [ring of evasion]

   It affects your evasion (+4).
   It affects your intelligence (+6).
   It affects your accuracy and damage with ranged weapons and melee attacks
   (+2).
   It protects you from poison.
 q - a ring of protection from cold
 r - an amulet of regeneration (around neck)
 s - the ring "Kympaol" (right hand) {rC+ Will+ EV+4 Int+3}
   (You acquired it on level 7 of the Dungeon)

   [ring of evasion]

   It affects your evasion (+4).
   It affects your intelligence (+3).
   It protects you from cold.
   It increases your willpower.
 v - a ring of willpower
 y - the ring of Activism {rElec rPois rN+ Str+4 Int+5}
   (You found it on level 6 of the Lair of Beasts)

   [ring of positive energy]

   It affects your strength (+4).
   It affects your intelligence (+5).
   It insulates you from electricity.
   It protects you from poison.
   It protects you from negative energy.
Wands
 g - a wand of iceblast (2)
 u - a wand of mindburst (20)
 w - a wand of flame (81)
 J - a wand of paralysis (16)
 S - a wand of digging (5)
Scrolls
 n - 2 scrolls of fear
 B - a scroll of amnesia
 E - 2 scrolls of silence
 F - 5 scrolls of immolation
 H - 4 scrolls of fog
 L - 6 scrolls of identify
 O - a scroll of torment
Potions
 d - 7 potions of might
 e - 7 potions of curing
 f - 2 potions of mutation
 h - a potion of resistance
 j - 5 potions of flight
 k - a potion of cancellation
 l - 3 potions of brilliance
 t - a potion of invisibility
Miscellaneous
 K - a condenser vane


   Skills:
 + Level 16.2 Fighting
 + Level 15.1 Polearms
 - Level 10.0 Throwing
 - Level 15.0 Armour
 + Level 5.4 Dodging
 - Level 15.0 Shields
 - Level 10.0 Invocations


You had 17 spell levels left.
You didn't know any spells.
Your spell library contained the following spells:

 Spells                   Type           Power      Damage    Failure   Level
 Corona                   Hex            0%         N/A       73%         1
 Foxfire                  Conj/Fire      0%         2x1d4     73%         1
 Summon Small Mammal      Summ           0%         N/A       73%         1
 Call Imp                 Summ           0%         N/A       86%         2
 Slow                     Hex            0%         N/A       86%         2
 Sublimation of Blood     Necr           0%         N/A       86%         2
 Call Canine Familiar     Summ           0%         N/A       97%         3
 Confusing Touch          Hex            0%         N/A       97%         3
 Conjure Flame            Conj/Fire      0%         6-21      97%         3
 Dazzling Flash           Conj/Hex       0%         N/A       97%         3
 Gell's Gravitas          Tloc           0%         N/A       97%         3
 Inner Flame              Hex/Fire       0%         N/A       97%         3
 Portal Projectile        Hex/Tloc       0%         N/A       97%         3
 Summon Guardian Golem    Hex/Summ       0%         N/A       97%         3
 Animate Armour           Summ/Erth      0%         N/A       100%        4
 Cause Fear               Hex            0%         N/A       100%        4
 Ice Form                 Ice/Tmut       0%         N/A       100%        4
 Leda's Liquefaction      Hex/Erth       0%         N/A       100%        4
 Petrify                  Tmut/Erth      0%         N/A       100%        4
 Sticky Flame             Conj/Fire      0%         2d3       100%        4
 Summon Ice Beast         Ice/Summ       0%         N/A       100%        4
 Summon Lightning Spire   Summ/Air       0%         N/A       100%        4
 Bolt of Magma            Conj/Fire/Erth 0%         4d4       100%        5
 Fireball                 Conj/Fire      0%         3d3       100%        5
 Metabolic Englaciation   Hex/Ice        0%         N/A       100%        5
 Silence                  Hex/Air        0%         N/A       100%        5
 Yara's Violent Unravell  Hex/Tmut       0%         3d3       100%        5
 Conjure Ball Lightning   Conj/Air       0%         3x3d6     100%        6
 Freezing Cloud           Conj/Ice/Air   0%         6-21      100%        6
 Iron Shot                Conj/Erth      0%         9d1       100%        6
 Simulacrum               Ice/Necr       0%         N/A       100%        6
 Statue Form              Tmut/Erth      0%         N/A       100%        6
 Ozocubu's Refrigeration  Ice            0%         4d5       100%        7
 Shatter                  Erth           0%         3d5*      100%        9
 Tornado                  Air            0%         N/A       100%        9


Dungeon Overview and Level Annotations

Branches:
Dungeon (15/15)            Temple (1/1) D:5            Lair (6/6) D:10
  Swamp (4/4) Lair:3        Snake (0/4) Lair:2        Slime (0/5) Lair:5
    Orc (2/2) D:9             Elf (0/3) Orc:2        Vaults (0/5) D:13
 Depths (0/5) D:15

Altars:
Ashenzari
Cheibriados
Elyvilon
Hepliaklqana
Kikubaaqudgha
Makhleb
Nemelex Xobeh
Okawaru
Ru
Sif Muna
Trog
Uskayaw
Vehumet
Wu Jian
Xom
Zin
The Shining One

Shops:
D:4 [   D:9 *(   Orc:1 !   Orc:2 :=[?

Annotations:
D:13 3 runed translucent doors


Innate Abilities, Weirdness & Mutations

You cannot be hasted, slowed, berserked, paralysed or teleported.
You can dig through walls and to a lower floor.
You have a pair of large antennae on your head. (SInv)
Your four strong arms can wield two-handed weapons with a shield.


Message History

The eight-headed hydra bites you!
* * * LOW HITPOINT WARNING * * *
The eleionoma hurls a spray of splinters at you.
The spray of wooden splinters misses you.
Okay, then.
As you read the scroll of fear, it crumbles to dust.
You assume a fearsome visage.
The eight-headed hydra resists with some effort.
The eleionoma resists with almost no effort.
The eight-headed hydra misses you.
You block the eight-headed hydra's attack. x3
The eight-headed hydra closely misses you.
The eight-headed hydra bites you.
* * * LOW HITPOINT WARNING * * *
The eight-headed hydra bites you.
* * * LOW HITPOINT WARNING * * *
You block the eight-headed hydra's attack.
The eleionoma hurls a spray of splinters at you.
The spray of wooden splinters hits you but does no damage.
You feel better.
You block the eight-headed hydra's attack.
The eight-headed hydra bites you.
* * * LOW HITPOINT WARNING * * *
You block the eight-headed hydra's attack.
The eight-headed hydra barely misses you. x2
You block the eight-headed hydra's attack.
The eight-headed hydra barely misses you.
The eight-headed hydra misses you.
The eleionoma splashes around in the water.
You feel better.
You block the eight-headed hydra's attack. x2
The eight-headed hydra barely misses you.
The eight-headed hydra bites you!
* * * LOW HITPOINT WARNING * * *
The eight-headed hydra closely misses you.
You block the eight-headed hydra's attack.
The eight-headed hydra misses you.
You block the eight-headed hydra's attack.
The eleionoma hits you!
You die...

≈≈≈≈§≈≈≈≈<≈≈.♣†..♣♣
§.≈≈≈..≈≈≈≈≈♣<...≈♣
.≈≈≈≈.....♣♣≈≈...≈♣
≈≈..≈≈†.≈.♣...≈<≈.♣
≈≈....♣..$..≈≈.≈≈§♣
^...≈.≈.≈≈≈≈≈≈)≈≈≈♣
≈≈≈≈≈≈≈..≈≈≈)≈..♣♣♣
≈≈≈≈≈≈≈≈≈.≈≈≈≈....§
≈≈≈≈≈≈.♣♣.@≈§≈≈.♣≈≈
≈≈≈≈≈≈. ♣.RD≈.≈.≈≈$.
≈≈.♣♣♣♣..♣.≈.≈.≈≈≈)≈
♣♣. ♣♣♣♣♣♣♣..}... ♣
♣≈≈.♣♣ { .≈≈# { ..#
{ { .# ≈≈


You could see an eleionoma and an eight-headed hydra.

Vanquished Creatures
  Saint Roka (Orc:2)
  Agnes (D:15)
  Frances (D:13)
  Gastronok (Lair:1)
  Kirke (D:14)
  A fenstrider witch (Swamp:2)
  The ghost of Vixiras the Tainter, a journeyman DsVM of Sif Muna (Orc:1)
  4 bunyips
  A dire elephant (D:15)
  3 eleionomae
  An ettin (Orc:1)
  2 ghost crabs (Swamp:2)
  16 hydras
  Harold (D:11)
  4 vault guards (D:13)
  4 boulder beetles
  An ogre mage (D:12)
  4 death knights
  4 catoblepae
  9 two-headed ogres
  A centaur warrior (D:13)
  A tengu warrior (D:15)
  8 death yaks
  Urug (Lair:3)
  3 orc high priests (Orc:2)
  11 alligators
  Sonja (D:13)
  11 spriggans
  5 goliath frogs
  2 swamp dragons
  7 bog bodies
  A lindwurm (Lair:6)
  An obsidian statue (D:13)
  2 wizards
  3 deep elf pyromancers
  6 orc knights
  A wolf spider (D:15)
  6 orc sorcerers
  4 cyclopes
  A will-o-the-wisp (Swamp:2)
  9 ugly things
  A moth of wrath (Orc:1)
  4 manticores
  31 elephants
  Maurice (D:8)
  7 black mambas
  A torpor snail (Lair:6)
  3 gargoyles (D:13)
  A yaktaur (D:13)
  3 unseen horrors
  8 cane toads
  2 freezing wraiths
  2 rime drakes
  13 komodo dragons
  A tengu conjurer (D:13)
  A polar bear (shapeshifter) (D:15)
  11 hornets
  8 trolls
  10 tyrant leeches
  A polar bear (Lair:5)
  9 slime creatures
  Grinder (D:3)
  3 dream sheep (Lair:6)
  Sigmund (D:2)
  3 wraiths
  3 shadows
  A vampire (D:12)
  5 fire bats
  15 vampire mosquitoes
  6 hogs (D:14)
  A human (D:13)
  47 yaks
  3 basilisks
  Grum (Lair:1)
  A two-headed ogre zombie (D:9)
  A warg (Orc:1)
  9 swamp worms
  An acid dragon (D:8)
  2 nagas (Lair:2)
  10 water moccasins
  17 orc warriors
  An ice beast (D:7)
  A black bear (shapeshifter) (D:14)
  3 black bears (D:7)
  2 sky beasts
  6 swamp drakes
  8 wolves (Lair:1)
  8 ogres
  11 centaurs
  A phantom (D:6)
  2 kobold brigands
  2 wyvern zombies
  12 bullfrogs
  A gnoll sergeant (D:5)
  A wyvern skeleton (D:7)
  A troll zombie (D:9)
  3 killer bees (D:11)
  3 howler monkeys
  An electric eel (Lair:3)
  A crimson imp (D:4)
  4 centaur zombies
  2 hounds (D:5)
  A bullfrog zombie (D:5)
  A gnoll shaman (D:4)
  11 orc priests
  15 jellies
  A bullfrog skeleton (D:7)
  2 iguanas
  21 orc wizards
  7 hell rats
  2 killer bee zombies
  6 ogre zombies (D:9)
  22 gnolls
  A howler monkey skeleton (D:7)
  6 adders
  A shadow imp (D:5)
  2 white imps (D:6)
  A worm (D:2)
  3 dart slugs
  72 orcs
  7 ball pythons
  7 bats
  7 endoplasms
  3 giant cockroaches
  23 goblins
  9 hobgoblins
  17 jackals
  15 kobolds
  4 quokkas
  7 frilled lizards
  A goblin skeleton (D:9)
  3 goblin zombies (D:9)
  5 hobgoblin zombies
  A kobold skeleton (D:4)
  2 kobold zombies (D:4)
  8 orc skeletons
  15 orc zombies
  6 rats
  A butterfly (Lair:2)
785 creatures vanquished.

Vanquished Creatures (others)
  A bloated husk (Swamp:1)
  2 orc wizards
  2 demonic plants (D:2)
  4 foxfires (Swamp:2)
  25 fungi
  78 plants
112 creatures vanquished.

Grand Total: 897 creatures vanquished

Notes
Turn   | Place    | Note
-------+----------+-------------------------------------------
     0 | D:1      | Delamore the Formicid Fighter began the quest for the Orb.
     0 | D:1      | Reached XP level 1. HP: 18/18 MP: 1/1
   109 | D:1      | Reached XP level 2. HP: 22/24 MP: 2/2
   280 | D:1      | Reached XP level 3. HP: 29/29 MP: 3/3
   709 | D:2      | Found a faded altar of an unknown god.
   747 | D:2      | Became a worshipper of Sif Muna the Loreminder
   747 | D:2      | Reached * piety under Sif Muna
   748 | D:2      | Noticed Sigmund
   815 | D:3      | Reached skill level 4 in Fighting
   815 | D:3      | Reached XP level 4. HP: 37/37 MP: 4/4
  1080 | D:2      | Reached XP level 5. HP: 36/42 MP: 5/5
  1287 | D:3      | Found an ornate altar of the Wu Jian Council.
  1296 | D:3      | Reached ** piety under Sif Muna
  1369 | D:3      | Noticed Grinder
  1369 | D:3      | Noticed an ogre
  1708 | D:3      | Killed an ogre
  1709 | D:3      | Reached skill level 5 in Polearms
  1709 | D:3      | Reached XP level 6. HP: 50/50 MP: 6/6
  2199 | D:2      | Killed Sigmund
  2200 | D:2      | Reached skill level 5 in Fighting
  2200 | D:2      | Reached XP level 7. HP: 56/56 MP: 7/7
  2252 | D:2      | Found a white marble altar of Elyvilon.
  2679 | D:3      | Killed Grinder
  2852 | D:4      | Reached XP level 8. HP: 10/62 MP: 8/8
  2853 | D:4      | HP: 4/93 [acid (1)]
  3163 | D:4      | Found Bothrorch's Antique Armour Emporium.
  3192 | D:4      | Found a hazy altar of Hepliaklqana.
  3247 | D:4      | Reached *** piety under Sif Muna
  3292 | D:4      | Found a glowing golden altar of the Shining One.
  3506 | D:4      | Found a hide-covered altar of Uskayaw.
  3854 | D:5      | Entered Level 5 of the Dungeon
  3883 | D:5      | Found a glowing silver altar of Zin.
  3886 | D:5      | Found a burning altar of Makhleb.
  3905 | D:5      | Found a shimmering altar of Xom.
  3907 | D:5      | Found a sparkling altar of Nemelex Xobeh.
  4091 | D:5      | Found a snail-covered altar of Cheibriados.
  4130 | D:5      | Found a broken altar of Ashenzari.
  4306 | D:5      | Found a staircase to the Ecumenical Temple.
  4406 | Temple   | Entered the Ecumenical Temple
  4447 | Temple   | Fell from the grace of Sif Muna
  4447 | Temple   | Became a worshipper of Warmaster Okawaru
  5363 | D:5      | Reached skill level 10 in Polearms
  5363 | D:5      | Reached XP level 9. HP: 68/68 MP: 9/9
  5532 | D:4      | Bought an encrusted chain mail for 190 gold pieces
  5532 | D:4      | Identified the +4 chain mail "Emmikh" {rC- Int+5} (You
                  | bought it in a shop on level 4 of the Dungeon)
  5945 | D:6      | Reached * piety under Okawaru
  6759 | D:7      | Found a radiant altar of Vehumet.
  6759 | D:7      | Found a sacrificial altar of Ru.
  7052 | D:7      | Identified a scroll of acquirement
  7052 | D:7      | Acquired the ring "Kympaol" {rC+ Will+ EV+4 Int+3}
  7109 | D:7      | Reached ** piety under Okawaru
  7205 | D:7      | Reached XP level 10. HP: 74/74 MP: 10/10
  7511 | D:7      | Reached skill level 5 in Shields
  7889 | D:8      | Noticed Maurice
  7894 | D:8      | Killed Maurice
  7895 | D:8      | Reached skill level 5 in Armour
  7995 | D:8      | Noticed a deep elf pyromancer
  7999 | D:8      | Killed a deep elf pyromancer
  7999 | D:8      | Reached *** piety under Okawaru
  8208 | D:8      | Noticed a cyclops
  8217 | D:8      | Killed a cyclops
  8446 | D:8      | Noticed a two-headed ogre
  8458 | D:8      | Killed a two-headed ogre
  8688 | D:9      | Found Kiodghus's Elemental Accessories.
  8770 | D:9      | Reached **** piety under Okawaru
  8789 | D:9      | Reached skill level 1 in Throwing
  8789 | D:9      | Reached XP level 11. HP: 69/79 MP: 11/11
  8798 | D:9      | Found a staircase to the Orcish Mines.
  8892 | D:9      | Found Yzxyr's Antique Weapon Shoppe.
  8924 | D:9      | Bought a translucent spear for 208 gold pieces
  8924 | D:9      | Identified the +3 spear "Xackel" {pain, +Rage rF+} (You
                  | bought it in a shop on level 9 of the Dungeon)
  9845 | D:10     | Entered Level 10 of the Dungeon
  9908 | D:10     | Noticed a wizard
  9929 | D:10     | Killed a wizard
  9929 | D:10     | Reached ***** piety under Okawaru
  9930 | D:10     | Reached skill level 5 in Throwing
 10096 | D:10     | Found a staircase to the Lair.
 10637 | Lair:1   | Entered Level 1 of the Lair of Beasts
 10664 | Lair:1   | Received a gift from Okawaru
 10723 | Lair:1   | Noticed Grum
 10729 | Lair:1   | Killed Grum
 10826 | Lair:1   | Noticed a six-headed hydra
 10834 | Lair:1   | Killed a six-headed hydra
 10835 | Lair:1   | Reached XP level 12. HP: 77/86 MP: 12/12
 11057 | Lair:1   | Noticed a four-headed hydra
 11067 | Lair:1   | Killed a four-headed hydra
 11068 | Lair:1   | Was forgiven by Sif Muna
 11318 | Lair:1   | Noticed Gastronok
 11329 | Lair:1   | Killed Gastronok
 11330 | Lair:1   | Reached skill level 10 in Throwing
 11395 | Lair:1   | Found a shimmering altar of Xom.
 11568 | Lair:2   | Identified the +3 leather armour "Qaredgh" {rElec Dex+6
                  | Stlth+}
 11588 | Lair:2   | Found a staircase to the Snake Pit.
 11637 | Lair:2   | Reached skill level 6 in Fighting
 12443 | Lair:3   | Reached ****** piety under Okawaru
 12460 | Lair:3   | Reached skill level 5 in Invocations
 12475 | Lair:3   | Reached skill level 7 in Fighting
 12508 | Lair:3   | Received a gift from Okawaru
 12632 | Lair:3   | Reached XP level 13. HP: 96/96 MP: 17/17
 12782 | Lair:3   | Noticed Urug
 12794 | Lair:3   | Killed Urug
 12994 | Lair:3   | Reached skill level 8 in Fighting
 13033 | Lair:3   | Found a staircase to the Swamp.
 13413 | Lair:3   | Received a gift from Okawaru
 13463 | Lair:4   | Reached skill level 9 in Fighting
 13597 | Lair:4   | Received a gift from Okawaru
 13631 | Lair:4   | You fall into a shaft and drop 2 floors!
 13631 | Lair:6   | Entered Level 6 of the Lair of Beasts
 13640 | Lair:6   | Noticed a boulder beetle
 13711 | Lair:6   | Killed a boulder beetle
 13711 | Lair:6   | Received a gift from Okawaru
 13972 | Lair:4   | Noticed a five-headed hydra
 13979 | Lair:4   | Killed a five-headed hydra
 13982 | Lair:4   | Received a gift from Okawaru
 14534 | Lair:5   | Noticed a boulder beetle
 14568 | Lair:5   | Killed a boulder beetle
 14569 | Lair:5   | Reached skill level 10 in Fighting
 14569 | Lair:5   | Reached skill level 10 in Armour
 14569 | Lair:5   | Reached XP level 14. HP: 98/110 MP: 19/21
 14681 | Lair:5   | Received a gift from Okawaru
 14814 | Lair:5   | Identified the +0 robe "Kin Cuj" {rElec rCorr} (Okawaru
                  | gifted it to you on level 5 of the Lair of Beasts)
 14814 | Lair:5   | Received a gift from Okawaru
 14815 | Lair:5   | Reached skill level 10 in Invocations
 14888 | Lair:5   | Found a staircase to the Slime Pits.
 15020 | Lair:5   | Reached skill level 11 in Fighting
 15051 | Lair:5   | Found a shimmering blue altar of Sif Muna.
 15822 | Lair:6   | Reached skill level 12 in Fighting
 16265 | Lair:6   | Reached skill level 13 in Fighting
 16425 | Lair:5   | Received a gift from Okawaru
 16754 | Lair:6   | Received a gift from Okawaru
 16763 | Lair:6   | Reached XP level 15. HP: 83/124 MP: 22/22
 16897 | Lair:6   | Identified the ring of Activism {rElec rPois rN+ Str+4
                  | Int+5}
 17129 | Orc:1    | Entered Level 1 of the Orcish Mines
 17167 | Orc:1    | Received a gift from Okawaru
 17268 | Orc:1    | Found a transporter.
 17288 | Orc:1    | Found a bloodstained altar of Trog.
 17321 | Orc:1    | Noticed Vixiras's ghost (journeyman DsVM)
 17468 | Orc:1    | Found a transporter.
 17520 | Orc:2    | Entered Level 2 of the Orcish Mines
 17550 | Orc:1    | Found Xomiog's Distillery.
 17792 | Orc:2    | Noticed Saint Roka
 18068 | Orc:2    | Killed Saint Roka
 18153 | Orc:2    | Found a staircase to the Elven Halls.
 18305 | Orc:1    | Reached skill level 14 in Fighting
 18543 | Orc:2    | Reached skill level 10 in Shields
 18611 | Orc:2    | Found Pipeudduma's Magic Scroll Boutique.
 18616 | Orc:2    | Found Zeep Xidoi's Antique Armour Emporium.
 18641 | Orc:2    | Found Siher's Book Boutique.
 18641 | Orc:2    | Found Lubekhle's Jewellery Emporium.
 18649 | Orc:2    | Bought a scroll of acquirement for 728 gold pieces
 18726 | Orc:2    | Acquired a manual of Armour
 18921 | Orc:2    | Bought a pair of embroidered boots for 225 gold pieces
 18934 | Orc:2    | Bought a scroll of enchant weapon for 105 gold pieces
 18934 | Orc:2    | Bought a scroll of enchant armour for 105 gold pieces
 18934 | Orc:2    | Bought a scroll of fog for 28 gold pieces
 18985 | Orc:1    | Bought a potion of might for 44 gold pieces
 18985 | Orc:1    | Bought a potion of curing for 33 gold pieces
 18985 | Orc:1    | Bought a potion of might for 44 gold pieces
 19172 | Orc:1    | Killed Vixiras's ghost
 19329 | D:11     | Noticed Harold
 19341 | D:11     | Killed Harold
 19417 | D:11     | Received a gift from Okawaru
 19898 | D:12     | Received a gift from Okawaru
 19982 | D:12     | Received a gift from Okawaru
 19983 | D:12     | Reached XP level 16. HP: 121/134 MP: 23/23
 20106 | D:12     | Received a gift from Okawaru
 20126 | D:12     | You fall into a shaft and drop 1 floor!
 20246 | D:13     | Noticed Frances
 20265 | D:13     | Killed Frances
 20265 | D:13     | Received a gift from Okawaru
 20266 | D:13     | Reached skill level 15 in Fighting
 20716 | D:12     | Found a sacrificial altar of Ru.
 20873 | D:13     | Found a runed translucent door.
 20889 | D:13     | Found a runed translucent door.
 20913 | D:13     | Noticed Sonja
 20940 | D:13     | Found a runed translucent door.
 20946 | D:13     | Killed Sonja
 20973 | D:13     | Found a runed translucent door.
 21148 | D:13     | Found a gate to the Vaults.
 21295 | D:13     | Reached skill level 15 in Armour
 21324 | D:13     | Identified the +1 robe of Moral Flaws {Str+3} (Okawaru
                  | gifted it to you on level 13 of the Dungeon)
 21324 | D:13     | Received a gift from Okawaru
 21394 | D:14     | Identified the Handbook of Curses and Unholy Secrets
 21636 | D:14     | Identified the +0 kite shield of Zitanicw {Dex+3}
 21650 | D:14     | Noticed Kirke
 21666 | D:14     | Killed Kirke
 22190 | D:15     | Entered Level 15 of the Dungeon
 22223 | D:15     | Noticed Agnes
 22232 | D:15     | Killed Agnes
 22438 | D:15     | Found a staircase to the Depths.
 22672 | D:15     | Reached XP level 17. HP: 137/142 MP: 24/24
 22711 | D:15     | Reached skill level 15 in Shields
 23060 | D:15     | Identified the +1 robe of the Stonemason {rC++}
 23357 | Swamp:1  | Entered Level 1 of the Swamp
 23502 | Swamp:1  | Identified the ring "Yxunue" {rPois EV+4 Int+6 Slay+2}
 23621 | Swamp:1  | Identified the +1 animal skin of Rymoxkicru {+Inv rElec
                  | rN+} (Okawaru gifted it to you on level 1 of the Swamp)
 23621 | Swamp:1  | Received a gift from Okawaru
 23739 | Swamp:1  | Reached skill level 1 in Dodging
 24984 | Swamp:3  | Received a gift from Okawaru
 25011 | Swamp:2  | Reached skill level 16 in Fighting
 25045 | Swamp:2  | Identified the +1 robe "Selam" {rF- Regen+ Int+2} (Okawaru
                  | gifted it to you on level 2 of the Swamp)
 25045 | Swamp:2  | Received a gift from Okawaru
 25055 | Swamp:2  | Reached skill level 15 in Polearms
 25154 | Swamp:3  | Reached skill level 5 in Dodging
 25585 | Swamp:4  | Entered Level 4 of the Swamp
 25593 | Swamp:4  | Reached XP level 18. HP: 151/151 MP: 25/25
 25636 | Swamp:4  | HP: 4/151 [eleionoma/spray of wooden splinters (10)]
 25640 | Swamp:4  | Mangled by an eleionoma

Illustrated notes

Levels and vault maps discovered:
D:1:      moated_graveyard_arrival, layout_rooms, minmay_tetromino_s2
D:2:      layout_basic, shapermc_ecumenical_altar_gd, basic_altar,
          kennysheep_nub, uniq_sigmund
D:3:      layout_rooms, overflow_temple_1_default, serial_bayou,
          serial_bayou_shore_a, serial_bayou_lagoon_a, serial_bayou_pond_e,
          serial_bayou_pond_c, minmay_bisected, uniq_grinder
D:4:      kennysheep_the_goblin_king, layout_rooms, nicolae_uskayaw_dance_hall,
          nicolae_hepliaklqana_hazy_memory, nicolae_tso_besieged_by_evil,
          serial_corexii_hall, chequers_hall_statues_y, corexii_hall_statues_x,
          corexii_hall_statues_l, serial_shops, shop
D:5:      lemuel_castle_with_subvaults [lemuel_castle_interior_original],
          layout_basic, amcnicky_altar_gilded, evilmike_ruin_ashenzari,
          minitemple, minmay_temple_entry_enclosed_plants
D:6:      layout_basic
D:7:      layout_basic, gammafunk_temple_overflow_statue, minmay_hedge_maze,
          minmay_checkerbox
D:8:      layout_basic, uniq_maurice
D:9:      layout_basic, zombieorc2_lemuel, serial_shops,
          nicolae_shop_overgrown_old_shop, serial_co_window_serial,
          co_window_of_opportunity_a, co_window_corner_a, co_window_corner_a,
          co_window_corner_a, co_window_of_opportunity_a,
          co_window_of_opportunity_a, co_window_broadway_a, co_window_corner_b,
          co_window_unsneaky_path_b, co_window_cross_4, co_window_paths_c,
          co_window_corner_ca, co_window_paths_c, glass_columns_b,
          glass_columns_a, glass_columns_b, nicolae_elemental_shop
D:10:     cheibrodos_wizards_tower, layout_irregular_city, david_lair_shrubbed
D:11:     layout_roguey, uniq_harold
D:12:     layout_rooms, st_stairs_9, minivault_11,
          nicolae_ru_the_path_less_chosen
D:13:     layout_gridville, grunt_vaults_entry_fortified,
          minmay_statue_crystal_thing, uniq_frances, uniq_sonja
D:14:     layout_basic, minivault_24, kennysheep_generic_room_11, uniq_kirke
D:15:     hangedman_depths_entry_try_elsewhere_first, layout_loops_corners,
          minmay_misc_feat_tower, uniq_agnes
Temple:   jpeg_temple_alley_garden
Lair:1:   layout_chaotic_city, lemuel_centaur_altar, grunt_megastairs_4,
          uniq_gastronok, uniq_grum
Lair:2:   layout_regular_city, guppyfry_snake_entry_garden, grunt_megastairs_3,
          lemuel_fruit_fields
Lair:3:   layout_cave_pods, nicolae_swamp_entry_splash_gauntlet,
          lemuel_fruit_tree, uniq_urug
Lair:4:   layout_gridlike, gauntlet_entry_generic, chequers_serial_rivers_room_b
Lair:5:   layout_regular_city, minmay_slime_entry_jelly_boxes, basic_altar,
          wad_woods_road_02, st_stairs_4, infiniplex_staircase_pool_2
Lair:6:   evilmike_catoblepas_cave, layout_regular_city,
          nicolae_volcano_entry_batcave
Swamp:1:  layout_basic_swamp, hangedman_swamp_ruin_hall, swamp_pool1,
          nicolae_swamp_orc_logging_accident
Swamp:2:  layout_basic_swamp, evilmike_swamp_ruin_house_1, swamp_pool5,
          nicolae_swamp_tree_designs
Swamp:3:  layout_basic_swamp, evilmike_swamp_ruin_house_2, swamp_pool1
Swamp:4:  swamp_basic_johnstein, layout_basic_swamp, infiniplex_staircase_pool
Orc:1:    layout_diamond_mine, serial_shops, shop,
          gammafunk_ghost_wrathful_warriors
Orc:2:    st_orc_elflike, layout_caves, uniq_saint_roka

Skill      XL: |  1  2  3  4  5  6  7  8  9 10 11 12 13 14 15 16 17 |
---------------+----------------------------------------------------+-----
Polearms       | 3 4 5 6 7 10 11 13 14 15 | 15.1
Fighting       | 4 5 7 10 13 14 15 16 | 16.2
Shields        | 4 7 8 11 14 15 | 15.0
Armour         | 4 5 7 10 12 15 | 15.0
Throwing       | 1 9 10 | 10.0
Invocations    | 5 9 10 | 10.0
Dodging        | 5 |  5.4

Action                   |  1- 3 |  4- 6 |  7- 9 | 10-12 | 13-15 | 16-18 || total
-------------------------+-------+-------+-------+-------+-------+-------++-------
Melee: Trident           |    85 |   123 |   498 |   445 |   851 |   704 ||  2706
Throw: Javelin           |       |       |       |     9 |     9 |       ||    18
       Dart              |       |       |       |     2 |     4 |       ||     6
       Boomerang         |       |       |       |       |     9 |    32 ||    41
Invok: Finesse           |       |       |       |       |     1 |     3 ||     4
       Heroism           |       |       |       |       |     1 |     1 ||     2
 Abil: Dig               |       |       |     2 |     1 |     2 |       ||     5
Evoke: Wand              |       |     4 |     4 |     4 |       |       ||    12
       Condenser vane    |       |       |       |       |     2 |     1 ||     3
  Use: Scroll            |     3 |       |    12 |     7 |     9 |     6 ||    37
       Potion            |       |       |     3 |       |     1 |     4 ||     8
 Stab: Paralysed         |       |    11 |    10 |       |       |       ||    21
       Sleeping          |       |       |     1 |       |       |       ||     1
       Distracted        |       |       |     1 |     7 |     7 |     5 ||    20
       Confused          |       |       |       |       |     5 |     1 ||     6
Armor: Scale mail        |    13 |       |       |       |       |       ||    13
       Leather armour    |    20 |    43 |    79 |       |       |       ||   142
       Skin              |       |       |     3 |       |       |       ||     3
       Plate armour      |       |       |    23 |   110 |   257 |   129 ||   519
Dodge: Dodged            |    24 |    52 |   108 |    86 |   193 |   159 ||   622
Block: Kite shield       |    38 |    67 |   163 |   193 |   249 |       ||   710
       Tower shield      |       |       |       |       |   158 |   449 ||   607

Table legend: (Time is in decaauts)
 A = Elapsed time spent in this place.
 B = Non-inter-level travel time spent in this place.
 C = Inter-level travel time spent in this place.
 D = Time resting spent in this place.
 E = Time spent auto-exploring this place.
 F = Levels seen in this place.
 G = Mean time per level.
                   A        B        C        D        E       F      G
               +--------+--------+--------+--------+--------+-----+--------+
         Total |  25280 |  23536 |   1744 |   1904 |  16867 |  28 |  902.9 |
       Dungeon |  14591 |  13736 |    855 |    979 |  10221 |  15 |  972.7 |
        Temple |     66 |     42 |     24 |      0 |     35 |   1 |   66.0 |
          Lair |   6280 |   5950 |    330 |    580 |   4102 |   6 | 1046.7 |
         Swamp |   2294 |   2196 |     98 |     81 |   1678 |   4 |  573.5 |
  Orcish Mines |   2046 |   1610 |    436 |    264 |    831 |   2 | 1023.0 |
               +--------+--------+--------+--------+--------+-----+--------+

Top non-repeatable levels by time:
     D:5: 1697 daAuts
  Lair:6: 1352 daAuts
     D:3: 1298 daAuts
     D:9: 1193 daAuts
   Orc:2: 1163 daAuts
  Lair:5: 1157 daAuts
     D:7: 1123 daAuts
  Lair:3: 1122 daAuts
     D:2: 1074 daAuts
     D:6: 1068 daAuts
 Swamp:2: 1038 daAuts
    D:15: 962 daAuts
  Lair:1: 948 daAuts
  Lair:4: 916 daAuts
     D:4: 908 daAuts
